 Dungeon Crawl Stone Soup version 0.21-a0-504-g2eda330 (webtiles) character file.

216 slep the Poker (level 5, -7/42 HPs)
             Began as a Demonspawn Monk on Nov 26, 2017.
             Killed from afar by an orc wizard (12 damage)
             ... with a puff of flame
             ... on level 3 of the Dungeon.
             The game lasted 00:12:19 (2539 turns).

slep the Poker (Demonspawn Monk)                    Turns: 2539, Time: 00:12:19

Health: -7/42      AC:  6    Str: 13    XL:     5   Next: 61%
Magic:  5/5        EV: 10    Int: 11    God:
Gold:   97         SH:  0    Dex: 15    Spells: 4/4 levels left

rFire    . . .     SeeInvis .   a - +0 spear
rCold    . . .     Gourm    .   (no shield)
rNeg     . . .     Faith    .   i - +0 scale mail
rPois    .         Spirit   .   (helmet restricted)
rElec    .         Reflect  .   (no cloak)
rCorr    .         Harm     .   (no gloves)
MR       .....                  (no boots)
Stlth    ..........             (no amulet)
HPRegen  0.14/turn              (no ring)
MPRegen  0.09/turn              (no ring)

@: confused
A: horns 2, rot immunity
a: no special abilities


You were on level 3 of the Dungeon.
You were hungry.

You visited 1 branch of the dungeon, and saw 3 of its levels.

You collected 97 gold pieces.

Inventory:

Hand Weapons
 a - a +0 spear (weapon)
Armour
 b - a +0 robe
 i - a +0 scale mail (worn)
Scrolls
 d - a scroll of enchant weapon {unknown}
 e - a scroll of fog {unknown}
 f - a scroll of remove curse {unknown}
 g - 2 scrolls of teleportation {unknown}
 h - 3 scrolls of identify {unknown}
Potions
 k - a potion of flight {unknown}
Comestibles
 c - 2 bread rations
 j - a chunk of flesh


   Skills:
 + Level 3.7 Fighting
 + Level 4.3 Polearms
 + Level 3.6 Dodging
 + Level 2.9 Stealth


You had 4 spell levels left.
You didn't know any spells.

Dungeon Overview and Level Annotations

Branches:
Dungeon (3/15)

Altars:
Uskayaw


Innate Abilities, Weirdness & Mutations

You have a pair of horns on your head.
You are immune to rotting.


Message History

You're too confused!
Unknown command.
You're too confused!
Unknown command.
You closely miss something. Something hits you but does no damage.
The orc barely misses you.
You miss something. You headbutt something.
Something hits you but does no damage. The orc hits you but does no damage.
You bump into the rock wall.
Something hits you but does no damage. The orc hits you but does no damage.
A magic dart appears from out of thin air!
The magic dart hits you!
* * * LOW HITPOINT WARNING * * *
You bump into the rock wall.
You miss something. You headbutt something!
Something hits you but does no damage. The orc barely misses you.
You hear some strange, mumbled words.
A puff of flame appears from out of thin air!
The puff of flame hits you!
You die...

##### #....
##.#.#o##
##.##.##)###
#......@...#
#..##.##.#.#
#.#.#.#.#...#
#####
#.##...#
###.# ....##
#.###.#. #.#
.....# #.#
#...# ...
###..# #.#
###.# ##
#..#####.#
#.#
##........#
#.


There were no monsters in sight!

Vanquished Creatures
  2 jellies (D:2)
  Jessica (D:2)
  9 oozes (D:2)
  A worm (D:3)
  2 dart slugs (D:2)
  3 leopard geckos
  3 orcs (D:3)
  A ball python (D:2)
  11 bats
  4 giant cockroaches
  6 goblins
  7 hobgoblins
  8 jackals (D:2)
  14 kobolds
  A frilled lizard (D:1)
  3 rats
76 creatures vanquished.

Vanquished Creatures (others)
  A fungus (D:2)
  7 toadstools (D:2)
8 creatures vanquished.

Grand Total: 84 creatures vanquished

Notes
Turn   | Place    | Note
-------+----------+-------------------------------------------
     0 | D:1      | slep the Demonspawn Monk began the quest for the Orb.
     0 | D:1      | Reached XP level 1. HP: 18/18 MP: 1/1
   246 | D:1      | Gained mutation: You are immune to rotting. [demonic ancestry]
   246 | D:1      | Reached XP level 2. HP: 14/24 MP: 2/2
   396 | D:1      | Reached skill level 3 in Polearms
   786 | D:2      | Gained mutation: You have a pair of small horns on your head. [demonic ancestry]
   786 | D:2      | Reached XP level 3. HP: 25/29 MP: 3/3
   790 | D:2      | Found a hide-covered altar of Uskayaw.
   890 | D:2      | Noticed Jessica
   902 | D:2      | Killed Jessica
   996 | D:2      | Reached XP level 4. HP: 8/35 MP: 4/4
  1838 | D:2      | Gained mutation: You have a pair of horns on your head. [demonic ancestry]
  1838 | D:2      | Reached XP level 5. HP: 14/41 MP: 5/5
  1861 | D:2      | Reached skill level 4 in Polearms
  1948 | D:2      | HP: 2/42 [ooze (3)]
  1999 | D:2      | HP: 1/42 [ooze (5)]
  2539 | D:3      | Killed from afar by an orc wizard

Vault maps used:
D:1:      minmay_arrival_shattered_statue
D:2:      cheibrodos_fertilizer, lemuel_crystal_altar, uniq_jessica

Skill      XL: |  1  2  3  4  5 |
---------------+----------------+-----
Dodging        | 3 |  3.6
Polearms       | 3 4 |  4.3
Stealth        | 2 |  2.9
Fighting       | |  3.7

Action                   |  1- 3 |  4- 6 || total
-------------------------+-------+-------++-------
Melee: Spear             |   121 |   217 ||   338
       Headbutt          |     5 |    36 ||    41
 Stab: Sleeping          |     7 |     2 ||     9
  Eat: Chunk             |       |     5 ||     5
Armor: Robe              |    13 |    16 ||    29
       Scale mail        |       |    19 ||    19
Dodge: Dodged            |    60 |    95 ||   155

Table legend:
 A = Spawn XP
 B = Non-spawn XP
 C = Spawn XP percentage of total XP
 D = Spawn monster count
 E = Non-spawn monster count
 F = Spawn count percentage of total count
 G = Total turns spent on level
                    A         B        C        D         E        F      G
               +---------+---------+-------+---------+---------+-------+---------
         Total |       0 |     309 |   0.0 |       0 |      76 |   0.0 |  2539
               +---------+---------+-------+---------+---------+-------+---------
           D:1 |       0 |      33 |   0.0 |       0 |      19 |   0.0 |   763
           D:2 |       0 |     257 |   0.0 |       0 |      50 |   0.0 |  1594
           D:3 |       0 |      19 |   0.0 |       0 |       7 |   0.0 |   182
               +---------+---------+-------+---------+---------+-------+---------
